 Dungeon Crawl Stone Soup version 0.22-a0-619-ga0c6fd2 (webtiles) character file.

933 chorionicmirror the Slasher (level 7, -3/64 HPs)
             Began as a Minotaur Monk on July 14, 2018.
             Slain by Prince Ribbit (11 damage)
             ... on level 5 of the Dungeon.
             The game lasted 00:19:11 (4595 turns).

chorionicmirror the Slasher (Minotaur Monk)         Turns: 4595, Time: 00:19:12

Health: -3/64      AC:  7    Str: 22    XL:     7   Next: 86%
Magic:  6/6        EV: 13    Int:  7    God:
Gold:   288        SH:  0    Dex: 13    Spells: 6/6 levels left

rFire    . . .     SeeInvis .   p - +0 long sword
rCold    . . .     Gourm    .   (no shield)
rNeg     . . .     Faith    .   e - +0 ring mail
rPois    .         Spirit   .   (helmet restricted)
rElec    .         Reflect  .   (no cloak)
rCorr    .         Harm     .   o - +0 pair of gloves
MR       .....                  (no boots)
Stlth    +.........             t - amulet of regeneration
HPRegen  0.60/turn              f - +5 ring of strength
MPRegen  0.10/turn              h - ring of wizardry

@: no status effects
A: retaliatory headbutt, horns 2
a: no special abilities


You were on level 5 of the Dungeon.
You were not hungry.

You visited 1 branch of the dungeon, and saw 5 of its levels.

You collected 288 gold pieces.

Inventory:

Hand Weapons
 p - a +0 long sword (weapon)
Missiles
 b - 217 stones (quivered)
 i - 6 javelins of penetration
Armour
 e - a +0 ring mail (worn)
 m - a +0 shield
 o - a +0 pair of gloves (worn)
Jewellery
 f - a +5 ring of strength (left hand)
 h - a ring of wizardry (right hand)
 t - an amulet of regeneration (around neck)
Scrolls
 a - a scroll of enchant weapon
 n - 2 scrolls of fog
 q - 2 scrolls of identify
 u - a scroll of teleportation
Potions
 d - a potion of berserk rage
 j - a potion of brilliance
 k - a potion of mutation
 l - a potion of curing {unknown}
 r - 3 potions of might
Comestibles
 c - 12 rations


   Skills:
 + Level 6.9 Fighting
 + Level 6.9 Long Blades
 - Level 6.0 Armour
 - Level 4.0 Dodging
 - Level 2.0 Stealth


You had 6 spell levels left.
You didn't know any spells.
Your spell library was empty.

Dungeon Overview and Level Annotations

Branches:
Dungeon (5/15)
 Temple: D:4-7

Altars:
Hepliaklqana
The Shining One

Annotations:
D:3 Sigmund
D:5 Prince Ribbit


Innate Abilities, Weirdness & Mutations

You reflexively headbutt those who attack you in melee.
You have a pair of horns on your head.


Message History

Prince Ribbit is moderately wounded.
Prince Ribbit blinks!
You miss Prince Ribbit.
Prince Ribbit is moderately wounded.
Prince Ribbit misses you.
You riposte.
You hit Prince Ribbit.
Prince Ribbit is moderately wounded.
You hit Prince Ribbit.
Prince Ribbit is heavily wounded.
Prince Ribbit hits you but does no damage.
Prince Ribbit barely misses you.
You completely miss Prince Ribbit. Your headbutt misses Prince Ribbit.
Prince Ribbit is heavily wounded.
Prince Ribbit hits you!
* * * LOW HITPOINT WARNING * * *
You completely miss Prince Ribbit.
Prince Ribbit is heavily wounded.
Prince Ribbit hits you!
* * * LOW HITPOINT WARNING * * *
Prince Ribbit hits you!
You die...

..........##
##..###..<.......
...........#
#......#####....
........###.## ##.....#
##... #..# ##..##..##
#.## ##...##..####..# #.#
##.......## #..## ##.#
#........# ##...###..#
..###....####.....)...#
#...@..............#
#..F...............##
#....................#
#......................
........................
###...######.............
##.# ##...........# #.
.##........# #####....#


You could see Prince Ribbit.

Vanquished Creatures
  Menkaure (D:5)
  Duvessa (D:5)
  A water moccasin (D:5)
  An ice beast (D:5)
  Dowan (D:5)
  3 orc priests
  3 jellies (D:5)
  A bullfrog skeleton (D:5)
  2 orc wizards (D:3)
  2 worker ants
  4 adders
  An ooze (D:5)
  An adder zombie (D:5)
  A worm (D:3)
  5 leopard geckos
  10 orcs
  6 bats
  6 giant cockroaches
  11 goblins
  5 hobgoblins
  14 jackals
  12 kobolds
  3 quokkas
  2 ball pythons (D:2)
  A frilled lizard (D:1)
  A jackal skeleton (D:5)
  7 rats
  A plant (D:1)
107 creatures vanquished.

Notes
Turn   | Place    | Note
-------+----------+-------------------------------------------
     0 | D:1      | chorionicmirror the Minotaur Monk began the quest for the Orb.
     0 | D:1      | Reached XP level 1. HP: 19/19 MP: 0/0
   238 | D:1      | Reached XP level 2. HP: 27/27 MP: 1/1
   670 | D:1      | Reached XP level 3. HP: 33/33 MP: 2/2
   704 | D:1      | Reached skill level 1 in Armour
  1573 | D:2      | Reached XP level 4. HP: 40/40 MP: 3/3
  1853 | D:3      | Noticed Sigmund
  2317 | D:3      | Reached XP level 5. HP: 45/46 MP: 4/4
  2320 | D:3      | Reached skill level 5 in Armour
  3278 | D:4      | Found a glowing golden altar of the Shining One.
  3282 | D:4      | Found a hazy altar of Hepliaklqana.
  3288 | D:4      | Reached XP level 6. HP: 52/52 MP: 5/5
  3674 | D:5      | Entered Level 5 of the Dungeon
  3700 | D:5      | Noticed an ice beast
  3707 | D:5      | Killed an ice beast
  3782 | D:5      | Reached skill level 5 in Fighting
  3782 | D:5      | Reached skill level 5 in Long Blades
  3799 | D:5      | Noticed a water moccasin
  3807 | D:5      | Killed a water moccasin
  3807 | D:5      | Reached XP level 7. HP: 55/61 MP: 6/6
  3841 | D:5      | Noticed Menkaure
  3878 | D:5      | Killed Menkaure
  4118 | D:5      | Noticed Dowan
  4118 | D:5      | Noticed Duvessa
  4129 | D:5      | Killed Dowan
  4131 | D:5      | Killed Duvessa
  4577 | D:5      | Noticed Prince Ribbit
  4595 | D:5      | Slain by Prince Ribbit

Vault maps used:
D:1:      dpeg_cavernosity, lexackson_kobold_supper
D:2:      hangedman_decor_clover_reticule
D:3:      first_ration, uniq_sigmund
D:4:      nicolae_overflow_hidden_temple
D:5:      uniq_menkaure, uniq_duvessa, uniq_prince_ribbit1

Skill      XL: |  1  2  3  4  5  6  7 |
---------------+----------------------+-----
Stealth        | 2 |  2.0
Fighting       | 4 5 6 |  6.9
Long Blades    | 4 5 6 |  6.9
Armour         | 2 4 6 |  6.0
Dodging        | 4 |  4.0

Action                   |  1- 3 |  4- 6 |  7- 9 || total
-------------------------+-------+-------+-------++-------
Melee: Falchion          |   103 |    82 |       ||   185
       Headbutt          |    27 |    29 |    13 ||    69
       Long sword        |       |    22 |    45 ||    67
  Use: Scroll            |     2 |    11 |     1 ||    14
 Stab: Sleeping          |     1 |       |       ||     1
  Eat: Chunk             |     2 |     4 |     2 ||     8
       Ration            |       |     1 |       ||     1
Armor: Ring mail         |    45 |    36 |    10 ||    91
Dodge: Dodged            |    72 |    79 |    28 ||   179
       Rpst.: Falchion   |    17 |    12 |       ||    29
       Long sword        |       |     7 |     7 ||    14

Table legend:
 A = Spawn XP
 B = Non-spawn XP
 C = Spawn XP percentage of total XP
 D = Spawn monster count
 E = Non-spawn monster count
 F = Spawn count percentage of total count
 G = Total turns spent on level
                    A         B        C        D         E        F      G
               +---------+---------+-------+---------+---------+-------+---------
         Total |       0 |    1334 |   0.0 |       0 |     106 |   0.0 |  4595
               +---------+---------+-------+---------+---------+-------+---------
           D:1 |       0 |      60 |   0.0 |       0 |      34 |   0.0 |  1139
           D:2 |       0 |      50 |   0.0 |       0 |      21 |   0.0 |  1028
           D:3 |       0 |     245 |   0.0 |       0 |      24 |   0.0 |   840
           D:4 |       0 |      73 |   0.0 |       0 |       9 |   0.0 |   696
           D:5 |       0 |     906 |   0.0 |       0 |      18 |   0.0 |   892
               +---------+---------+-------+---------+---------+-------+---------
